AoeStats
← Dr_DanglePeen_AD

African Clearing

503932067Analyzed
4v4 RM · 28d ago on Sep 3, 2026· 19m 29s· 8 players
Game mode
Random Map
Map size
Large (8 player)
Population
200
Speed
Normal
Resources
Standard
Victory
Conquest
Starting age
Dark Age
Ending age
Imperial Age
RankedLock teamsTeams togetherTeam positionsShared explorationLock speedFull tech treeHidden civsTurbo modeCheats
Victory
Defeat
🇦🇷 Mongols · Argentina
1372
+9
🇦🇷 Japanese · Argentina
1350
+10
🇦🇷 Jurchens · Argentina
1247
+14
🇦🇷 Persians · Argentina
1239
+13
🇨🇦 Georgians · Canada
1237
-13
🇹🇼 Vikings · Taiwan
1222
-12
🇨🇦 Saracens · Canada
1194
-11
🇺🇸 Wei · United States
1158
-10
eward17
15:56 Loom
19:47 Feudal Age
Liam
6:29 Loom
12:53 Feudal Age
14:09 Double-Bit Axe
18:56 Castle Age
Veloester
4:09 Loom
14:09 Feudal Age
15:28 Double-Bit Axe
15:41 Double-Bit Axe
19:56 Castle Age
19:12 Horse Collar
Dr_DanglePeen_AD
9:06 Loom
13:30 Feudal Age
14:10 Horse Collar
14:17 Double-Bit Axe
16:13 Bloodlines
JPA.Cooke
6:21 Loom
14:39 Feudal Age
19:03 Castle Age
16:50 Double-Bit Axe
17:32 Gold Mining
18:12 Bloodlines
19:29 Scale Barding Armor
Cuando florezca el Chuño
12:41 Feudal Age
10:56 Loom
13:14 Double-Bit Axe
19:37 Castle Age
18:31 Town Watch
18:44 Fletching
Ibz1
12:15 Loom
14:31 Feudal Age
18:11 Castle Age
16:23 Double-Bit Axe
17:23 Fletching
19:43 Bodkin Arrow
El Escaramuzador Zanetti
4:21 Loom
15:12 Feudal Age
17:19 Double-Bit Axe
19:53 Castle Age
17:57 Horse Collar
20:04 Forging
Connection lost

Rejoining the realm…

Still unreachable

The connection could not be restored.

Session expired

The server has moved on; the page needs a fresh start.